 Dungeon Crawl Stone Soup version 0.31.0-1-g2c135a0 (webtiles) character file.

Game seed: 9709644708889804527

101271 ozjimbob the Severer (level 15, -1/135 HPs)
             Began as a Minotaur Berserker on Feb 14, 2024.
             Was a High Priest of Trog.
             Slain by a cane toad (12 damage)
             ... on level 5 of the Lair of Beasts.
             The game lasted 01:51:20 (23925 turns).

ozjimbob the Severer (Minotaur Berserker)          Turns: 23925, Time: 01:51:20

Health: -1/135     AC: 32    Str: 23    XL:     15   Next: 82%
Magic:  1/14       EV:  7    Int:  4    God:    Trog [*****.]
Gold:   1069       SH:  0    Dex: 16    Spells: 14/14 levels left

rFire   . . .        a - +1 battleaxe (flame)
rCold   + . .        (shield currently unavailable)
rNeg    . . .        V - +4 crystal plate armour {rC+}
rPois   +            m - +2 hat {Will+}
rElec   .            H - scarf {repulsion}
rCorr   .            y - +0 pair of gloves {infuse}
SInv    .            C - +0 pair of boots
Will    ++...        (no amulet) Stlth
                     j - ring of poison resistance
HPRegen 0.42/turn    n - +4 ring of protection
MPRegen 0.14/turn

%: repel missiles, infuse magic (1 MP)
@: lethally poisoned (-1 -> -8), about to teleport, on berserk cooldown, slowed,
very slow
A: horns 2, retaliatory headbutt
a: Renounce Religion, Berserk, Trog's Hand, Brothers in Arms


You were on level 5 of the Lair of Beasts.
You worshipped Trog.
Trog was extremely pleased with you.
You visited 4 branches of the dungeon, and saw 21 of its levels.
You also visited: Ice Cave.

You collected 1984 gold pieces.
You spent 915 gold pieces at shops.

Inventory:

Hand Weapons
 a - a +1 battleaxe of flaming (weapon)
 b - a +0 orcbow
 x - a +4 war axe of freezing
 N - a +1 antimagic battleaxe
 Z - a +2 war axe of draining
Missiles
 l - 2 boomerangs (quivered)
Armour
 m - a +2 hat of willpower (worn)
 u - an orb of light
 y - a +0 pair of gloves of infusion (worn)
 C - a +0 pair of boots (worn)
 H - a scarf of repulsion (worn)
 V - a +4 crystal plate armour of cold resistance (worn)
Jewellery
 j - a ring of poison resistance (left hand)
 n - a +4 ring of protection (right hand)
 z - a ring of ice
 K - a +6 ring of intelligence
 Q - a ring of resist corrosion
 R - a ring of protection from cold
 T - an amulet of reflection
 Y - a +6 ring of dexterity
Wands
 p - a wand of digging (6)
 s - a wand of light (3)
 I - a wand of polymorph (4)
 P - a wand of flame (35)
Scrolls
 c - 4 scrolls of fog
 d - 2 scrolls of revelation
 e - 5 scrolls of fear
 f - 5 scrolls of poison
 h - 4 scrolls of immolation
 w - 11 scrolls of teleportation
 F - a scroll of silence
 U - 3 scrolls of butterflies
 X - 4 scrolls of identify
Potions
 g - 2 potions of lignification
 i - 7 potions of magic
 k - 2 potions of cancellation
 o - 4 potions of enlightenment
 q - 4 potions of curing
 r - 3 potions of berserk rage
 t - a potion of might
 v - a potion of haste {unknown}
 A - 4 potions of heal wounds
 D - 2 potions of mutation
 J - a potion of attraction
 L - a potion of degeneration {unknown}
 O - 2 potions of invisibility {unknown}
 S - 6 potions of ambrosia
Miscellaneous
 G - a box of beasts
 M - a phial of floods
 W - a condenser vane


   Skills:
 - Level 13.1 Fighting
 - Level 19.0(19.6) Axes
 - Level 8.5(14.8) Polearms
 * Level 11.4 Ranged Weapons
 - Level 10.2 Throwing
 - Level 9.5 Armour
 - Level 8.6 Dodging
 - Level 6.0 Stealth
 - Level 7.7 Evocations


You had 14 spell levels left.
You didn't know any spells.
Your spell library was empty.

Dungeon Overview and Level Annotations

Branches:
Dungeon (13/15)            Temple (0/1) D:7            Lair (5/5) D:11
  Swamp (1/4) Lair:3        Snake (0/4) Lair:3        Slime (0/5) Lair:4
    Orc (2/2) D:11            Elf (0/3) Orc:2        Vaults (0/5) D:13
  IceCv (visited)

Altars:
Ashenzari
Nemelex Xobeh
Okawaru
Trog
Jiyva

Shops:
D:3 ?   D:5 =![[?   Orc:2 (=*?

Portals:
Pandemonium: Orc:2

Annotations:
D:13 3 runed translucent doors, IAmTheZeppo's ghost, journeyman MiBe
Orc:2 2 transporters, selexin's ghost, adept HOFi


Innate Abilities, Weirdness & Mutations

You have a pair of horns on your head.
You reflexively headbutt those who attack you in melee.


Message History

The black mamba closely misses you.
The cane toad attacks as it pursues you!
The cane toad stings you!
* * * LOW HITPOINT WARNING * * *
The guardian serpent hits you but does no damage.
Your two-headed ogre misses the guardian serpent.
Your two-headed ogre hits the guardian serpent with a +0 dire flail!!
The wolf spider hits you but does no damage.
The wolf spider barely misses you.
The black mamba bites you but does no damage.
The guardian serpent hits you.
* * * LOW HITPOINT WARNING * * *
The cane toad stings you!
* * * LOW HITPOINT WARNING * * *
The wolf spider hits you but does no damage.
The wolf spider closely misses you.
As you read the scroll of teleportation, it crumbles to dust.
You feel strangely unstable.
You feel very sick. The black mamba bites you.
* * * LOW HITPOINT WARNING * * *
Your two-headed ogre hits the guardian serpent with a +0 giant club!!
The guardian serpent dies!
Trog accepts your kill.
Trog appreciates your killing of a magic user.
The black mamba barely misses you.
The wolf spider hits you but does no damage.
The wolf spider bites you but does no damage.
Your two-headed ogre hits the cane toad but does no damage.
Your two-headed ogre hits the cane toad with a +0 dire flail!
The cane toad dies!
Trog accepts your kill. The black mamba barely misses you.
You furiously retaliate!
You headbutt the black mamba!
You kill the black mamba!
Trog accepts your kill. The wolf spider hits you.
* * * LOW HITPOINT WARNING * * *
The wolf spider barely misses you. The cane toad stings you!
You die...

...... ...~~ .##... #..
..... ..# . #.. .....
....# #P. ..... ...P..
##..## ..... ..#P..
##....## ..... P.#....
#..PP..# ..... ..#....
#..PP†s## ..... .......
#####..O@F.### ..#..
...P..###).######....# ..
### ....###.†.##..
#.(##...# ... ##
..###....##.[####.†##....
#..#P#
.##.....##...#..#...##...
.#.....
#....†.##...##..##...##..
.P.....
......##....#....#.†..##.
.P..##.
.....##....##....##....##
. ##
.....#..†..#......#.....#


You could see a wolf spider (ally target), a cane toad and a friendly two-headed
ogre (summoned, berserk).

Vanquished Creatures
  Gastronok (D:8)
  Aizul (Swamp:1)
  Snorg (D:11)
  3 vault guards (D:13)
  An ice dragon (Lair:5)
  2 demonspawn (Orc:2)
  4 hydras
  2 ironbound frosthearts (IceCv)
  An alligator (Swamp:1)
  A centaur warrior (D:13)
  7 death yaks
  2 two-headed ogres
  A boulder beetle (D:13)
  3 merfolk avatars (Swamp:1)
  7 orc high priests
  2 skeletal warriors (D:13)
  A skyshark (Lair:5)
  2 spriggan druids (Lair:3)
  An arcanist (D:13)
  3 swamp dragons
  A necromancer (D:13)
  4 orc knights (Orc:2)
  5 orc sorcerers (Orc:2)
  4 ugly things
  Maurice (D:10)
  4 cyclopes
  2 manticores
  13 black mambas
  12 elephants
  A rust devil (Orc:2)
  An ice statue (IceCv)
  A torpor snail (Lair:5)
  16 cane toads
  2 gargoyles
  3 rime drakes
  7 komodo dragons
  3 kobold demonologists
  A yaktaur (D:13)
  Psyche (D:8)
  2 tengu conjurers (D:13)
  10 polar bears
  7 trolls
  7 hornets
  3 tyrant leeches (Swamp:1)
  A queen bee (Lair:1)
  25 blink frogs
  7 slime creatures (D:12)
  7 dream sheep (Lair:3)
  A vampire (D:9)
  68 yaks
  8 wyverns
  A shadow (D:11)
  2 wraiths (D:10)
  Eustachio (D:5)
  18 humans (D:13)
  9 basilisks
  3 redbacks (Lair:5)
  10 vampire mosquitoes
  4 steam dragons
  A chaos spawn (Orc:2)
  3 nagas (Lair:3)
  5 swamp worms (Swamp:1)
  2 acid dragons (Lair:5)
  28 water moccasins
  Duvessa (D:5)
  3 swamp drakes
  2 sky beasts
  31 orc warriors
  2 ogres (Orc:2)
  30 wolves
  A phantom (D:6)
  2 centaurs
  6 kobold brigands
  A gnoll sergeant (D:10)
  Blork the orc (D:5)
  5 scorpions
  10 bullfrogs
  4 wights (D:7)
  Dowan (D:5)
  29 killer bees
  7 howler monkeys
  3 bombardier beetles
  7 hounds
  2 sleepcaps
  23 orc priests
  2 jellies (Lair:4)
  10 iguanas
  12 orc wizards
  4 gnolls
  8 river rats (D:6)
  8 adders
  A shadow imp (D:6)
  3 white imps
  2 dart slugs (D:2)
  A ribbon worm (D:5)
  52 orcs
  3 bats
  8 endoplasms
  3 giant cockroaches
  5 goblins
  15 hobgoblins
  4 jackals
  9 quokkas
  7 ball pythons
  5 frilled lizards
  25 kobolds
  25 rats
744 creatures vanquished.

Vanquished Creatures (collateral kills)
  A demonspawn (Orc:2)
  2 skeletal warriors (D:13)
  A guardian serpent (Lair:5)
  A cane toad (Lair:5)
  An electric eel (Lair:1)
6 creatures vanquished.

Vanquished Creatures (others)
  An orc wizard (D:9)
1 creature vanquished.

Grand Total: 751 creatures vanquished

Notes
Turn   | Place    | Note
-------+----------+-------------------------------------------
     0 | D:1      | ozjimbob the Minotaur Berserker began the quest for the
                  | Orb.
     0 | D:1      | Reached XP level 1. HP: 19/19 MP: 0/0
    97 | D:1      | Reached skill level 4 in Axes
   125 | D:1      | Reached XP level 2. HP: 12/26 MP: 1/1
   658 | D:2      | Reached skill level 5 in Axes
   658 | D:2      | Reached XP level 3. HP: 12/31 MP: 2/2
   930 | D:2      | Reached ** piety under Trog
  1709 | D:3      | Reached XP level 4. HP: 28/39 MP: 3/3
  1800 | D:3      | Reached skill level 6 in Axes
  1800 | D:3      | Reached skill level 1 in Throwing
  1985 | D:3      | Found Udetoa Tadal's Magic Scroll Emporium.
  1991 | D:3      | Bought a scroll of identify for 20 gold pieces
  1991 | D:3      | Bought a scroll of identify for 20 gold pieces
  2109 | D:3      | Reached XP level 5. HP: 34/45 MP: 4/4
  2303 | D:3      | Reached skill level 7 in Axes
  2610 | D:4      | Reached XP level 6. HP: 51/51 MP: 5/5
  2627 | D:4      | Reached skill level 1 in Evocations
  2789 | D:4      | Reached *** piety under Trog
  2790 | D:4      | Reached skill level 8 in Axes
  3084 | D:5      | Entered Level 5 of the Dungeon
  3139 | D:5      | Found Mireddi's Armour Boutique.
  3142 | D:5      | Found Fileyff's Distillery.
  3143 | D:5      | Found Noenoha's Antique Armour Shoppe.
  3143 | D:5      | Found Caydatz's Magic Scroll Boutique.
  3173 | D:5      | Bought a scroll of identify for 28 gold pieces
  3187 | D:5      | Noticed a water moccasin
  3197 | D:5      | Killed a water moccasin
  3198 | D:5      | Reached skill level 9 in Axes
  3198 | D:5      | Reached XP level 7. HP: 57/57 MP: 6/6
  3207 | D:5      | Noticed Blork the orc
  3215 | D:5      | Killed Blork the orc
  3266 | D:5      | Found Vipreinu's Jewellery Emporium.
  3273 | D:5      | Noticed Duvessa
  3273 | D:5      | Noticed Dowan
  3278 | D:5      | Killed Duvessa
  3279 | D:5      | Reached skill level 10 in Axes
  3298 | D:5      | Killed Dowan
  3370 | D:5      | Noticed Eustachio
  3398 | D:5      | Killed Eustachio
  3399 | D:5      | Reached XP level 8. HP: 40/64 MP: 7/7
  3572 | D:5      | Reached skill level 11 in Axes
  4221 | D:6      | Reached **** piety under Trog
  4233 | D:6      | Reached skill level 12 in Axes
  4498 | D:6      | Reached skill level 5 in Armour
  4740 | D:7      | Noticed a troll
  4750 | D:7      | Killed a troll
  4751 | D:7      | Reached XP level 9. HP: 70/70 MP: 8/8
  4774 | D:7      | Reached skill level 13 in Axes
  4812 | D:7      | Found a staircase to the Ecumenical Temple.
  5028 | D:7      | Reached skill level 5 in Fighting
  5387 | D:7      | Found a bloodstained altar of Trog.
  5511 | D:8      | Reached skill level 1 in Polearms
  5667 | D:8      | Noticed Psyche
  5677 | D:8      | Killed Psyche
  5678 | D:8      | Reached skill level 5 in Polearms
  5678 | D:8      | Reached XP level 10. HP: 86/86 MP: 9/9
  5955 | D:8      | Noticed Gastronok
  5973 | D:8      | Killed Gastronok
  7007 | D:10     | Entered Level 10 of the Dungeon
  7157 | D:10     | Noticed a two-headed ogre
  7188 | D:10     | Reached skill level 10 in Fighting
  7192 | D:10     | Killed a two-headed ogre
  7215 | D:10     | Reached XP level 11. HP: 101/101 MP: 10/10
  7460 | D:10     | Identified the +5 whip "Afatuw" {heavy, Str+3 Int+2}
  7473 | D:10     | Reached skill level 14 in Axes
  7507 | D:10     | Noticed Maurice
  7514 | D:10     | Killed Maurice
  7760 | D:10     | Reached skill level 15 in Axes
  7764 | D:10     | Found an iron altar of Okawaru.
  7933 | D:10     | Found a broken altar of Ashenzari.
  8112 | D:10     | Found a sparkling altar of Nemelex Xobeh.
  8242 | D:11     | Noticed Snorg
  8256 | D:11     | Killed Snorg
  8488 | D:11     | Noticed a cyan ugly thing
  8492 | D:11     | Found a staircase to the Orcish Mines.
  8498 | D:11     | Killed a cyan ugly thing
  8566 | D:11     | Found a staircase to the Lair.
  8598 | D:11     | Reached XP level 12. HP: 111/111 MP: 11/11
  8661 | D:11     | Reached skill level 5 in Evocations
  8819 | D:11     | Reached ***** piety under Trog
  8998 | D:11     | Reached skill level 1 in Stealth
  9021 | D:11     | Noticed a two-headed ogre
  9029 | D:11     | Killed a two-headed ogre
  9030 | D:11     | Reached skill level 5 in Dodging
  9377 | Lair:1   | Entered Level 1 of the Lair of Beasts
  9512 | Lair:1   | Found a frozen archway.
  9526 | IceCv    | Entered an ice cave
  9546 | IceCv    | Identified the +7 bardiche "Jinowesm" {flame, Dex+2} (Trog
                  | gifted it to you in an ice cave)
  9546 | IceCv    | Received a gift from Trog
 10001 | IceCv    | Reached skill level 5 in Stealth
 10024 | IceCv    | Noticed a death yak
 10026 | IceCv    | Noticed a death yak
 10035 | IceCv    | Killed a death yak
 10039 | IceCv    | Killed a death yak
 10290 | IceCv    | Noticed an ironbound frostheart
 10290 | IceCv    | Noticed an ironbound frostheart
 10299 | IceCv    | Reached XP level 13. HP: 98/117 MP: 12/12
 12099 | Lair:2   | Reached skill level 5 in Throwing
 12375 | Lair:2   | Identified the staff of the Big Bang {rC+ Will- rCorr Int+7
                  | Ice}
 12769 | Lair:3   | Received a gift from Trog
 13061 | Lair:3   | Found a staircase to the Swamp.
 13360 | Lair:3   | Reached XP level 14. HP: 55/127 MP: 13/13
 13566 | Lair:3   | Found a staircase to the Snake Pit.
 14083 | Orc:1    | Entered Level 1 of the Orcish Mines
 14440 | D:3      | Bought a scroll of enchant armour for 75 gold pieces
 14440 | D:3      | Bought a scroll of enchant weapon for 75 gold pieces
 14742 | Orc:2    | Entered Level 2 of the Orcish Mines
 14882 | Orc:2    | Reached skill level 16 in Axes
 15022 | Orc:2    | Found a staircase to the Elven Halls.
 15173 | Orc:2    | Found a transporter.
 15176 | Orc:2    | Noticed selexin's ghost (adept HOFi)
 15178 | Orc:2    | Identified the +9 great mace of Appos {protect, ^Drain
                  | +Blink Will++ Dex+2}
 15292 | Orc:2    | Found a transporter.
 15370 | Orc:2    | Found Caxzor's General Store.
 15375 | Orc:2    | Found Uplagramm's Magic Scroll Emporium.
 15615 | Orc:2    | Bought a scroll of enchant armour for 112 gold pieces
 15618 | Orc:2    | Bought a scroll of brand weapon for 123 gold pieces
 15671 | Orc:2    | Received a gift from Trog
 16088 | Orc:2    | Reached skill level 17 in Axes
 16088 | Orc:2    | Paralysed by an orc sorcerer for 5 turns
 17541 | D:13     | Reached skill level 18 in Axes
 17584 | D:13     | Found a gate to the Vaults.
 18015 | D:13     | Found a runed translucent gate.
 18015 | D:13     | Found a runed translucent gate.
 18015 | D:13     | Found a runed translucent gate.
 18016 | D:13     | Noticed IAmTheZeppo's ghost (journeyman MiBe)
 18114 | D:13     | Reached skill level 19 in Axes
 18203 | D:13     | Reached skill level 10 in Throwing
 19135 | Orc:2    | Reached skill level 1 in Ranged Weapons
 19168 | Orc:2    | HP: 2/129 [demonspawn (12)]
 19488 | Orc:2    | Found Qoabaucs's Antique Weapon Shop.
 19488 | Orc:2    | Found a one-way gate leading to the halls of Pandemonium.
 19488 | Orc:2    | Found Jeobyp's Jewellery Boutique.
 19495 | Orc:2    | Reached XP level 15. HP: 135/135 MP: 4/14
 19510 | Orc:2    | Bought a ring of resist corrosion for 280 gold pieces
 19519 | Orc:2    | Bought a runed war axe for 182 gold pieces
 20032 | Swamp:1  | Entered Level 1 of the Swamp
 20288 | Swamp:1  | Identified the +1 great sword "Lued" {holy, rN+}
 20364 | Swamp:1  | Reached skill level 5 in Ranged Weapons
 20707 | Swamp:1  | Identified the serpent talisman of Dishonesty {Int+3 Dex+7
                  | Stlth-}
 20707 | Swamp:1  | Noticed Aizul
 20723 | Swamp:1  | Killed Aizul
 21233 | Lair:4   | Found a gate leading to a gauntlet.
 21522 | Lair:4   | Found a viscous altar of Jiyva.
 21522 | Lair:4   | Found a staircase to the Slime Pits.
 22581 | Lair:5   | Entered Level 5 of the Lair of Beasts
 23257 | Lair:5   | Identified the +6 scimitar "Ulidaph" {pain, ^Drain +Blink
                  | rElec Str-4}
 23396 | Lair:5   | Reached skill level 10 in Ranged Weapons
 23892 | Lair:5   | Received a gift from Trog
 23925 | Lair:5   | Slain by a cane toad

Illustrated notes

Levels and vault maps discovered:
D:1:      spicycebolla_green_bress_n_ham, layout_basic
D:2:      layout_loops_ring, cheibrodos_gnoll_hut
D:3:      layout_loops_ring, serial_shops, nicolae_shop_just_a_little_nook,
          kennysheep_generic_room_3
D:4:      layout_cave_pools, minmay_stone_trees_small,
          dreamdust_princess_corridor, serial_bayou_pond_d
D:5:      nicolae_BIG_FREAKIN_CUBE, layout_cave_pools, serial_shops, shop,
          palyth_stone_intersect, nicolae_wooded_promenade, uniq_duvessa,
          uniq_blork_the_orc, uniq_eustachio
D:6:      lemuel_ratsnest, layout_rooms
D:7:      layout_basic, trog_hazing_becter, minmay_temple_entry_trees,
          kennysheep_generic_room_14
D:8:      layout_cave_pools, lightli_minifort, uniq_gastronok, uniq_psyche
D:9:      layout_cave_pools, st_stairs_4
D:10:     cheibrodos_fzero, layout_loops_ring, evilmike_ruin_ashenzari,
          nemelex_xobeh_ov_fountains_minmay, okawaru_ov_weapons_minmay,
          serial_bayou_pond_a, uniq_maurice
D:11:     layout_long_grid, minmay_lair_entry_grove, david_orc_3, uniq_snorg
D:12:     layout_loops_ring, minmay_curled_crystal, evilmike_minifort
D:13:     layout_grid_maze, grunt_vaults_entry_tiered,
          gammafunk_ghost_necromancy
Lair:1:   layout_roguey [special_room_bee], portal_ice_cave_entry_pillars_1,
          serial_bayou_ford_a
Lair:2:   layout_regular_city, lemuel_fruit_tree
Lair:3:   layout_roguey, mainiacjoe_swamp_entry_angry_trees,
          nicolae_snake_entry_squirm, st_stairs_4, hibernation_bobbens
Lair:4:   layout_cave_pods, nicolae_slime_entry_field_trip,
          gauntlet_entry_generic, grunt_megastairs_1
Lair:5:   guppyfry_lair_end_dragon, layout_small_grid,
          hangedman_lair_tendril_chambers, nicolae_lair_lil_pond,
          chequers_serial_rivers_marsh
Swamp:1:  layout_basic_swamp, serial_swamp_ruin, evilmike_swamp_ruin_house_2,
          hangedman_swamp_ruin_wall, swamp_pool_4, grunt_lady_of_the_lake,
          infiniplex_staircase_pool, uniq_aizul
Orc:1:    layout_caves
Orc:2:    pf_orc_diabolical, layout_caves, gammafunk_ghost_smash

Skill      XL: |  1  2  3  4  5  6  7  8  9 10 11 12 13 14 15 |
---------------+----------------------------------------------+-----
Axes           | 4 5 6 7 9 10 12 13 15 19 | 19.0
Throwing       | 1 2 3 9 10 | 10.2
Evocations     | 1 4 5 6 7 |  7.7
Armour         | 5 6 7 8 9 |  9.5
Fighting       | 7 10 11 12 13 | 13.1
Polearms       | 5 8 |  8.5
Dodging        | 3 8 |  8.6
Stealth        | 6 |  6.0
Ranged Weapons | 3 11 | 11.4

Action                     |  1- 3 |  4- 6 |  7- 9 | 10-12 | 13-15 || total
---------------------------+-------+-------+-------+-------+-------++-------
  Melee: Hand axe          |   101 |    86 |   197 |       |       ||   384
         Headbutt          |    12 |    18 |    62 |   119 |   223 ||   434
         Punch             |     1 |     1 |       |       |       ||     2
         War axe           |       |       |    24 |   332 |   295 ||   651
         Trident           |       |       |     9 |       |       ||     9
         Broad axe         |       |       |       |    72 |       ||    72
         Battleaxe         |       |       |       |       |   654 ||   654
   Fire: Orcbow            |       |       |       |       |     4 ||     4
  Throw: Boomerang         |       |     3 |    11 |       |   142 ||   156
 Invoke: Berserk           |       |       |    10 |    12 |    25 ||    47
         Trog's Hand       |       |       |     3 |     4 |     7 ||    14
         Brothers in Arms  |       |       |       |       |     5 ||     5
  Evoke: Wand              |       |       |     8 |    19 |     6 ||    33
    Use: Scroll            |     1 |    10 |     4 |    12 |    19 ||    46
         Potion            |       |       |       |     3 |     8 ||    11
   Stab: Invisible         |       |       |     1 |       |       ||     1
         Sleeping          |       |       |     1 |       |       ||     1
         Distracted        |       |       |       |       |     1 ||     1
 Armour: Animal skin       |    45 |       |       |       |       ||    45
         Ring mail         |    28 |    24 |       |       |       ||    52
         Chain mail        |       |    34 |    31 |       |       ||    65
         Shadow dragon sca |       |       |   104 |   397 |     6 ||   507
         Crystal plate arm |       |       |       |       |  1017 ||  1017
  Dodge: Dodged            |    58 |    30 |    72 |   208 |   351 ||   719
         Repelled          |       |       |       |       |     7 ||     7
